 Dungeon Crawl Stone Soup version 0.18-a0-1078-gebb93d0 (webtiles) character file.

282 gorblad the Skirmisher (level 6, -2/48 HPs)
             Began as a Mummy Fighter on Jan 14, 2016.
             Was a Follower of Dithmenos.
             Killed from afar by an orc wizard (9 damage)
             ... with a magic dart
             ... on level 4 of the Dungeon.
             The game lasted 00:08:56 (3097 turns).

gorblad the Skirmisher (Mummy Fighter)              Turns: 3097, Time: 00:08:56

Health: -2/48      AC: 14    Str: 21    XL:     6   Next: 6%
Magic:  6/6        EV:  3    Int:  7    God:    Dithmenos [*.....]
Gold:   156        SH:  9    Dex: 12    Spells: 0 memorised, 5 levels left

rFire  x . .     SeeInvis .     a - +0 long sword
rCold  + . .     Gourm    .     p - +0 plate armour
rNeg   + + +     Faith    .     c - +0 shield
rPois  ∞         Spirit   .     r - +0 helmet
rElec  .         Dismiss  .     (no cloak)
rCorr  .         Reflect  .     g - +0 pair of gloves
SustAt .         Harm     .     (no boots)
MR     .....                    (no amulet)
Stlth  ..........               (no ring)
                                (no ring)

@: about to teleport, wreathed by umbra, not resistant to hostile enchantments,
extremely unstealthy
A: no food or potions, fire vulnerability, cold resistance 1, negative energy
resistance 3, torment resistance, unbreathing
a: Renounce Religion


You were on level 4 of the Dungeon.
You worshipped Dithmenos.
Dithmenos was aware of your devotion.
You were not hungry.

You visited 1 branch of the dungeon, and saw 4 of its levels.

You collected 156 gold pieces.

Inventory:

Hand Weapons
 a - a +0 long sword (weapon)
Armour
 c - a +0 shield (worn)
 g - a +0 pair of gloves (worn)
 p - a +0 plate armour (worn)
 r - a +0 helmet (worn)
Wands
 j - a wand of confusion (22/48)
 q - a wand of teleportation (5/9)
Scrolls
 b - a scroll of fear {unknown}
 d - 4 scrolls of identify
 e - 5 scrolls of teleportation
 f - a scroll of noise {unknown}
 h - 5 scrolls of remove curse
 i - 2 scrolls of immolation {unknown}
 k - 4 scrolls of enchant armour {unknown}
 l - a scroll of enchant weapon {unknown}
 m - 2 scrolls of random uselessness {unknown}
 o - a scroll of fog {unknown}
Books
 n - a book of Spatial Translocations

   Spells                             Type                      Level
   a - Apportation                    Translocation                1
   b - Blink                          Translocation                2
   c - Shroud of Golubria             Charms/Translocation         2
   d - Portal Projectile              Translocation                3
   e - Teleport Other                 Translocation                3
   f - Passage of Golubria            Translocation                4


   Skills:
 + Level 4.0 Fighting
 * Level 2.7 Long Blades
 * Level 3.8 Armour
 * Level 3.5 Shields


You had 5 spell levels left.
You didn't know any spells.

Dungeon Overview and Level Annotations

Branches:
Dungeon (4/15)             Temple (0/1) D:4

Altars:
Dithmenos
Pakellas

Shops:
D:4 =


Innate Abilities, Weirdness & Mutations

You do not eat or drink.
Your flesh is vulnerable to fire.
You are immune to poison.
Your flesh is cold resistant.
You are immune to negative energy.
You are immune to unholy pain and torment.
You can survive without breathing.


Message History

The worker ant bites you but does no damage.
The orc warrior hits you with a short sword!
* * * LOW HITPOINT WARNING * * *
The orc wizard hits you but does no damage.
Read which item? (? for menu, Esc to quit)
As you read the scroll labeled UREANTUIMN, it crumbles to dust.
You feel strangely unstable.
It was a scroll of teleportation.
The worker ant bites you but does no damage.
The orc warrior hits you but does no damage.
The orc wizard casts a spell.
The orc wizard seems to speed up.
Read which item? (? for menu, Esc to quit)
As you read the scroll labeled JUC ZEGEASCHE, it crumbles to dust.
It is a scroll of identify.
Identify which item? (\ to view known items) (? for menu, Esc to quit)
h - 5 scrolls of remove curse You block the worker ant's attack.
The orc wizard casts a spell at you. The magic dart hits you!
You die...

# ##.....#.####
#. #
#...........#
#. #
#<...#...##.#
#........##.#
#.####..###.###
#.# #..#.....#
#.. ...#.....#
### ##.##.....#
#. #@o../#
#...oao....#
#.#=#.###### #
#. #. #. .. ##


You could see an orc warrior, a worker ant, an orc priest and an orc wizard.

Vanquished Creatures
  2 orc priests (D:4)
  An orc wizard (D:4)
  An iguana (D:4)
  A worker ant (D:4)
  Robin (D:4)
  4 adders
  An ooze (D:3)
  2 worms
  3 giant geckos
  8 orcs
  6 bats
  A giant cockroach (D:4)
  15 goblins
  11 hobgoblins
  3 jackals (D:3)
  7 kobolds
  A quokka (D:2)
  2 giant newts
  8 rats
78 creatures vanquished.

Notes
Turn   | Place    | Note
--------------------------------------------------------------
     0 | D:1      | gorblad the Mummy Fighter began the quest for the Orb.
     0 | D:1      | Reached XP level 1. HP: 18/18 MP: 1/1
   167 | D:1      | Reached XP level 2. HP: 24/24 MP: 2/2
   676 | D:2      | Reached XP level 3. HP: 29/29 MP: 3/3
   856 | D:2      | Found a shadowy altar of Dithmenos.
  1679 | D:3      | Reached XP level 4. HP: 35/35 MP: 4/4
  1928 | D:2      | Became a worshipper of Dithmenos the Shadowed
  2000 | D:4      | Found an oddly glowing altar of Pakellas.
  2201 | D:4      | Noticed Robin
  2225 | D:4      | Killed Robin
  2225 | D:4      | Reached XP level 5. HP: 38/41 MP: 5/5
  2297 | D:4      | Found Vamior's Jewellery Shop.
  2412 | D:4      | Reached * piety under Dithmenos
  3047 | D:4      | Found a staircase to the Ecumenical Temple.
  3080 | D:4      | Noticed an orc warrior
  3091 | D:4      | Reached skill level 4 in Fighting
  3091 | D:4      | Reached XP level 6. HP: 38/48 MP: 6/6
  3097 | D:4      | Killed from afar by an orc wizard

Vault maps used:
D:1:      shiori_arrival_maze
D:2:      nicolae_overflow_hidden_temple, first_bread
D:4:      old_standard_altar, minmay_temple_entry_poolview, serial_shops,
          nicolae_shop_crystal, minmay_misc_feat_x, uniq_robin, uniq_duvessa

Action                   |  1- 3 |  4- 6 || total
-------------------------+-------+-------++-------
Melee: Long sword        |   123 |   192 ||   315
  Use: Scroll            |       |     2 ||     2
